 Dungeon Crawl Stone Soup version 0.28.0-43-g3370ac3207 (webtiles) character file.

Game seed: 17417732129696175819

39636 pkoi the Zephyrmancer (level 13, -1/91 HPs)
             Began as a Red Draconian Air Elementalist on Mar 9, 2022.
             Was a High Priest of Hepliaklqana.
             Engulfed by a cloud of flame (8 damage)
             ... on level 6 of the Lair of Beasts on Mar 10, 2022.
             The game lasted 00:52:08 (30431 turns).

pkoi the Zephyrmancer (DrAE)                       Turns: 30431, Time: 00:52:12

Health: -1/91      AC: 10    Str: 12    XL:     13   Next: 70%
Magic:  7/22       EV: 17    Int: 20    God:    Hepliaklqana [*****.]
Gold:   1559       SH:  5    Dex: 17    Spells: 5/24 levels left

rFire   + . .      SeeInvis .   b - staff of air
rCold   . . .      Faith    .   (no shield)
rNeg    . . .      Spirit   .   (armour unavailable)
rPois   +          Reflect  +   j - +1 hat
rElec   +          Harm     .   (no cloak)
rCorr   .          Rampage  .   h - +0 pair of gloves
Will    +....                   y - -1 pair of boots of Tiackuaq {rElec rPois Regen+ Stlth+}
Stlth   +++.......              t - amulet of reflection
HPRegen 1.05/turn               n - ring of willpower
MPRegen 0.18/turn               G - +6 ring of dexterity

@: short of breath
A: reduced essence, breathe fire, AC +8, unfitting armour, fire resistance 1,
cold-blooded
a: Breathe Fire, Renounce Religion, Recall Ancestor, Ancestor Identity,
Transference, Idealise


You were on level 6 of the Lair of Beasts.
You worshipped Hepliaklqana.
Hepliaklqana was extremely pleased with you.
You visited 3 branches of the dungeon, and saw 18 of its levels.
You also visited: Ossuary.

You collected 1702 gold pieces.
You spent 143 gold pieces at shops.

Inventory:

Hand Weapons
 e - a +1 dagger of venom
Missiles
 z - 2 curare-tipped darts
 F - 6 throwing nets
Armour
 h - a +0 pair of gloves (worn)
 j - a +1 hat (worn)
 y - the -1 pair of boots of Tiackuaq (worn) {rElec rPois Regen+ Stlth+}
   (You acquired it on level 7 of the Dungeon)

   rElec:     It insulates you from electricity.
   rPois:     It protects you from poison.
   Regen:     It increases your rate of health regeneration.
   Stlth:     It makes you more stealthy.
Magical Staves
 b - a staff of air (weapon)
Jewellery
 n - a ring of willpower (left hand)
 t - an amulet of reflection (around neck)
 E - a ring of see invisible
 G - a +6 ring of dexterity (right hand)
 M - an amulet of guardian spirit
Wands
 m - a wand of polymorph (16)
 o - a wand of mindburst (21)
 q - a wand of flame (70)
 C - a wand of charming (13)
 D - a wand of iceblast (21)
 J - a wand of paralysis (8)
 L - a wand of digging (3)
Scrolls
 d - 5 scrolls of fear
 f - a scroll of enchant armour
 s - 4 scrolls of teleportation
 u - 2 scrolls of fog
 x - 2 scrolls of enchant weapon
 A - a scroll of magic mapping
 H - a scroll of silence
 I - 3 scrolls of blinking
 K - 2 scrolls of acquirement
 N - a scroll of amnesia
Potions
 a - 6 potions of heal wounds
 c - 2 potions of flight
 g - 2 potions of lignification
 i - a potion of berserk rage
 k - 3 potions of resistance
 l - 10 potions of curing
 p - 4 potions of haste
 r - 6 potions of might
 v - a potion of invisibility
 w - a potion of magic
 B - 4 potions of brilliance


   Skills:
 - Level 6.0 Fighting
 + Level 8.3 Dodging
 - Level 3.0 Stealth
 + Level 7.0 Unarmed Combat
 + Level 6.3 Spellcasting
 - Level 1.0 Conjurations
 - Level 6.0 Hexes
 + Level 5.7 Summonings
 + Level 6.3 Transmutations
 - Level 9.0 Fire Magic
 - Level 6.0 Ice Magic
 + Level 11.5 Air Magic
 - Level 6.0 Invocations


You had 5 spell levels left.
You knew the following spells:

 Your Spells              Type           Power      Damage    Failure   Level
a - Shock                 Conj/Air       100%       1d9       1%          1
b - Swiftness             Air            68%        N/A       1%          3
c - Airstrike             Air            34%        N/A       1%          4
d - Inner Flame           Hex/Fire       36%        N/A       1%          3
e - Ice Form              Ice/Tmut       30%        N/A       9%          4
f - Summon Ice Beast      Ice/Summ       29%        N/A       9%          4

Your spell library contained the following spells:

 Spells                   Type           Power      Damage    Failure   Level
 Foxfire                  Conj/Fire      100%       2x1d9     1%          1
 Summon Small Mammal      Summ           100%       N/A       1%          1
 Static Discharge         Conj/Air       47%        N/A       1%          2
 Frozen Ramparts          Ice            60%        1d8       2%          3
 Conjure Flame            Conj/Fire      26%        6-21      3%          3
 Cause Fear               Hex            15%        N/A       9%          4
 Animate Skeleton         Necr           12%        N/A       10%         1
 Apportation              Tloc           12%        N/A       10%         1
 Flame Wave               Conj/Fire      26%        2d7       13%         4
 Summon Mana Viper        Hex/Summ       29%        N/A       26%         5
 Leda's Liquefaction      Hex/Erth       9%         N/A       28%         4
 Summon Forest            Summ/Tloc      8%         N/A       65%         5
 Lee's Rapid Deconstruct  Erth           3%         3d6*      95%         5
 Summon Cactus Giant      Summ           14%        N/A       83%         6
 Statue Form              Tmut/Erth      12%        N/A       99%         6
 Malign Gateway           Summ/Tloc      8%         N/A       100%        7
 Discord                  Hex            15%        N/A       100%        8
 Summon Horrible Things   Summ           14%        N/A       100%        8


Dungeon Overview and Level Annotations

Branches:
Dungeon (11/15)            Temple (1/1) D:6            Lair (6/6) D:11
  Swamp (0/4) Lair:2        Snake (0/4) Lair:4        Slime (0/5) Lair:6
    Orc (0/2) D:10        Ossuary (visited)

Altars:
Ashenzari
Cheibriados
Dithmenos
Elyvilon
Fedhas
Gozag
Hepliaklqana
Kikubaaqudgha
Makhleb
Nemelex Xobeh
Okawaru
Qazlal
Ru
Sif Muna
Trog
Uskayaw
Vehumet
Wu Jian
Xom
Yredelemnul
Zin
The Shining One
Jiyva

Shops:
D:4 !

Annotations:
D:6 3 runed translucent doors, Pinkishskies's ghost, novice DjFE
D:9 1 runed translucent door, Zeld's ghost, novice DEFE
Lair:1 3 runed translucent doors, Jenx's ghost, novice TrCA
Lair:2 2 transporters, pkoi's ghost, journeyman DrCj


Innate Abilities, Weirdness & Mutations

Your life essence is reduced to manifest your ancestor. (-10% HP)
You can breathe blasts of fire.
Your fiery red scales are hard. (AC +8)
You cannot fit into any form of body armour.
Your flesh is heat resistant. (rF+)
You are cold-blooded and may be slowed by cold attacks.


Message History

The fiery explosion engulfs you!! You resist.
* * * LOW HITPOINT WARNING * * *
The fiery explosion engulfs the elephant!!
Flame seeps out of the elephant.
The elephant is moderately wounded.
Aria avoids your attack.
You hear an angry hiss.
The elephant is engulfed in blazing flames.
Flame seeps out of the elephant.
The elephant tramples you.
* * * LOW HITPOINT WARNING * * *
You hold your ground!
The elephant misses you.
Something closely misses Aria.
Something barely misses Aria.
The elephant is engulfed in blazing flames.
Flame seeps out of the elephant.
You block the elephant's attack. The elephant trunk-slaps you.
* * * LOW HITPOINT WARNING * * *
Aiming: Airstrike (mildly dangerous; 1% risk of failure)
Press: ? - help, Q - select action, (/) - cycle Dir - move target, f - elephant
Aim: an elephant (severely wounded, inner flame, empty space bonus: 3/8)
You feel a surge of power!
The air twists around and strikes the elephant!
Flame seeps out of the elephant.
The elephant is almost dead.
The elephant is engulfed in blazing flames.
Flame seeps out of the elephant.
The elephant tramples you!
* * * LOW HITPOINT WARNING * * *
You stumble backwards!
Unknown command.
Aiming: Airstrike (mildly dangerous; 1% risk of failure)
Press: ? - help, Q - select action, (/) - cycle Dir - move target, f/p - elephant
Aim: an elephant (almost dead, inner flame, ally target, empty space bonus: 4/8)
You feel a surge of power!
The air twists around and strikes the elephant!
The elephant explodes!
The fiery explosion engulfs you! You resist.
* * * LOW HITPOINT WARNING * * *
The fiery explosion engulfs the elephant!!
You kill the elephant!
You are engulfed in blazing flames.
You resist.
You die...

#######
##§##.§####
#.@§○#...P#
.......§§§.§R..#
....#...#.##..##
...#.#####.##..#
. ... #...##?.##
... .........#
... ......#Y.#
... .......R.#
....###..#


You could see the friendly Aria the knight.

Vanquished Creatures
  2 boulder beetles
  2 hydras (Lair:3)
  10 death yaks
  Sonja (Lair:2)
  Pikel (D:8)
  2 oklob plants
  4 elephants (Lair:6)
  2 black mambas
  2 gargoyles
  13 cane toads
  An unseen horror (D:10)
  A rime drake (Lair:1)
  3 komodo dragons
  3 trolls (D:11)
  Grinder (D:2)
  Prince Ribbit (D:8)
  7 dream sheep
  21 yaks
  4 wyverns
  2 basilisks
  The ghost of js333 the Chiller, an amateur DgIE (D:5)
  3 nagas (Lair:4)
  11 water moccasins
  Pargi (D:3)
  3 orc warriors
  A black bear (D:5)
  8 wolves
  An ogre (D:4)
  7 centaurs
  A necrophage (D:7)
  4 lemures
  9 bullfrogs
  A scorpion (D:4)
  A water moccasin skeleton (D:4)
  10 killer bees
  5 wights (D:8)
  A howler monkey (D:7)
  5 centaur zombies
  A bullfrog zombie (D:6)
  A jelly (D:5)
  A gnoll shaman (D:7)
  3 orc priests
  A hound (D:11)
  2 centaur skeletons
  4 orc wizards
  Natasha (thrice) (D:2)
  6 hell rats
  4 mummies
  An adder (D:3)
  10 gnolls
  4 white imps
  An ufetubus (D:5)
  An adder skeleton (D:4)
  4 worms
  3 dart slugs
  32 orcs
  6 ball pythons
  9 bats
  3 endoplasms
  A giant cockroach (D:3)
  2 gnoll zombies (Ossuary)
  6 hobgoblins
  2 jackals (D:2)
  5 quokkas
  3 frilled lizards
  12 goblins
  A goblin zombie (Ossuary)
  2 hobgoblin zombies (Ossuary)
  7 kobolds
  A kobold zombie (Ossuary)
  An orc zombie (Ossuary)
  7 rats
306 creatures vanquished.

Vanquished Creatures (collateral kills)
  Gastronok (Lair:2)
  A boulder beetle (Lair:4)
  2 hydras (Lair:1)
  A catoblepas (Lair:5)
  6 death yaks
  2 black mambas
  A cane toad (Lair:5)
  A komodo dragon (Lair:4)
  A polar bear (Lair:1)
  7 yaks
  A steam dragon (D:7)
  A water moccasin (D:7)
  An orc warrior (D:7)
  6 wolves
  A centaur (D:10)
  A bullfrog (Lair:1)
  2 wights (D:8)
  A killer bee (D:8)
  An electric eel (D:11)
  A centaur zombie (D:6)
  A hound (D:11)
  4 hell rats (Lair:4)
  A mummy (Ossuary)
  2 gnolls (D:7)
  A white imp (D:8)
  3 orcs
  A goblin zombie (D:6)
  An orc zombie (D:6)
  A butterfly (Lair:5)
54 creatures vanquished.

Vanquished Creatures (others)
  A human (D:10)
  5 knights
  40 fungi
  70 plants
116 creatures vanquished.

Grand Total: 476 creatures vanquished

Notes
Turn   | Place    | Note
-------+----------+-------------------------------------------
     0 | D:1      | pkoi the Draconian Air Elementalist began the quest for the
                  | Orb.
     0 | D:1      | Reached XP level 1. HP: 14/14 MP: 3/3
   360 | D:1      | Reached XP level 2. HP: 20/20 MP: 1/5
   535 | D:1      | You fall into a shaft and drop 1 floor!
   705 | D:2      | Reached skill level 4 in Air Magic
   847 | D:1      | Found a faded altar of an unknown god.
   946 | D:1      | Reached XP level 3. HP: 6/26 MP: 6/6
  1609 | D:2      | Noticed Natasha
  1637 | D:2      | Killed Natasha
  1658 | D:2      | Noticed Natasha
  1668 | D:2      | Killed Natasha
  1669 | D:2      | Reached XP level 4. HP: 6/33 MP: 7/7
  2066 | D:2      | Noticed Natasha
  2075 | D:2      | Killed Natasha
  2454 | D:2      | Found a white marble altar of Elyvilon.
  2650 | D:2      | Learned a level 3 spell: Swiftness
  3098 | D:3      | Reached XP level 5. HP: 33/38 MP: 1/8
  3409 | D:3      | Noticed Pargi
  3506 | D:3      | Noticed Grinder
  3507 | D:3      | Paralysed by Grinder for 2 turns
  3563 | D:3      | Paralysed by Grinder for 5 turns
  3577 | D:3      | Paralysed by Grinder for 3 turns
  3833 | D:2      | Paralysed by Grinder for 5 turns
  3840 | D:2      | Paralysed by Grinder for 5 turns
  3852 | D:2      | Paralysed by Grinder for 2 turns
  3858 | D:2      | Killed Grinder
  3859 | D:2      | Reached skill level 6 in Air Magic
  3859 | D:2      | Reached XP level 6. HP: 19/45 MP: 2/9
  4032 | D:2      | Learned a level 4 spell: Airstrike
  4502 | D:3      | Killed Pargi
  4797 | D:4      | Found Labeat's Distillery.
  4802 | D:4      | Bought a potion of degeneration for 13 gold pieces
  4802 | D:4      | Bought a potion of haste for 130 gold pieces
  4881 | D:4      | Your scales start taking on a fiery red colour.
  4881 | D:4      | Reached XP level 7. HP: 38/50 MP: 7/11
  4881 | D:4      | Gained mutation: Your flesh is heat resistant. (rF+) [Red
                  | Draconian growth]
  5039 | D:4      | Reached skill level 7 in Air Magic
  6036 | D:4      | Found a basalt altar of Yredelemnul.
  6036 | D:4      | Found a hazy altar of Hepliaklqana.
  6096 | D:4      | Found an opulent altar of Gozag.
  6098 | D:4      | Found a faded altar of an unknown god.
  6100 | D:4      | Found a white marble altar of Elyvilon.
  6121 | D:4      | Became a worshipper of Hepliaklqana the Forgotten
  6167 | D:5      | Entered Level 5 of the Dungeon
  6554 | D:5      | Reached skill level 8 in Air Magic
  6617 | D:5      | Reached XP level 8. HP: 52/57 MP: 9/13
  7204 | D:5      | Found a runed translucent door.
  7214 | D:5      | Reached * piety under Hepliaklqana
  7645 | D:5      | Noticed js333's ghost (amateur DgIE)
  7655 | D:5      | Killed js333's ghost
  7756 | D:5      | Reached skill level 5 in Spellcasting
  7756 | D:5      | Reached skill level 9 in Air Magic
  8143 | D:6      | Reached skill level 1 in Unarmed Combat
  8272 | D:6      | Found a sand-covered staircase.
  8282 | Ossuary  | Entered an ossuary
  9264 | D:6      | Found a runed translucent gate.
  9265 | D:6      | Found a runed translucent gate.
  9265 | D:6      | Found an opulent altar of Gozag.
  9265 | D:6      | Found a runed translucent gate.
  9267 | D:6      | Noticed a boulder beetle
  9269 | D:6      | Noticed a troll
  9269 | D:6      | Noticed Pinkishskies's ghost (novice DjFE)
  9386 | D:6      | Found a staircase to the Ecumenical Temple.
  9560 | D:6      | Reached XP level 9. HP: 56/56 MP: 4/17
  9894 | Temple   | Entered the Ecumenical Temple
 10021 | D:7      | Reached skill level 1 in Fighting
 10351 | D:7      | Reached ** piety under Hepliaklqana
 10352 | D:7      | Remembered your ancestor Aria as a knight
 10373 | D:7      | Identified 2 scrolls of acquirement
 10375 | D:7      | Acquired a book of Rime
 10377 | D:7      | Acquired the -1 pair of boots of Tiackuaq {rElec rPois
                  | Regen+ Stlth+}
 10394 | D:7      | Learned a level 3 spell: Inner Flame
 10399 | D:7      | Learned a level 4 spell: Ice Form
 10404 | D:7      | Learned a level 4 spell: Summon Ice Beast
 10419 | D:7      | Noticed a gargoyle
 10427 | D:7      | Killed a gargoyle
 10428 | D:7      | Reached skill level 1 in Transmutations
 10428 | D:7      | Reached skill level 1 in Fire Magic
 10840 | D:7      | Reached skill level 1 in Hexes
 11224 | D:7      | Reached skill level 1 in Ice Magic
 11727 | D:8      | Noticed Prince Ribbit
 11731 | D:8      | Killed Prince Ribbit
 11865 | D:8      | Identified the +5 robe "Duozeag" {Harm +Blink}
 12479 | D:8      | Found a shimmering altar of Xom.
 12479 | D:8      | Found an iron altar of Okawaru.
 12479 | D:8      | Noticed Pikel
 12568 | D:8      | Killed Pikel
 12569 | D:8      | Reached skill level 10 in Air Magic
 12569 | D:8      | Reached XP level 10. HP: 69/69 MP: 11/19
 12753 | D:8      | Reached *** piety under Hepliaklqana
 12971 | D:9      | Reached skill level 1 in Summonings
 13119 | D:9      | Found a runed translucent door.
 13120 | D:9      | Noticed Zeld's ghost (novice DEFE)
 13926 | D:10     | Entered Level 10 of the Dungeon
 13988 | D:10     | Found a shimmering blue altar of Sif Muna.
 14115 | D:10     | Found a staircase to the Orcish Mines.
 14396 | D:10     | Noticed a gargoyle
 14405 | D:10     | Killed a gargoyle
 14684 | D:10     | Found a bloodstained altar of Trog.
 14838 | D:10     | Found an ancient bone altar of Kikubaaqudgha.
 15852 | D:11     | Found a staircase to the Lair.
 15967 | D:11     | Reached skill level 5 in Dodging
 16268 | D:11     | Reached **** piety under Hepliaklqana
 16975 | Lair:1   | Entered Level 1 of the Lair of Beasts
 17002 | Lair:1   | Noticed a six-headed hydra
 17007 | Lair:1   | Killed a six-headed hydra
 17008 | Lair:1   | Reached skill level 5 in Unarmed Combat
 17008 | Lair:1   | Reached XP level 11. HP: 76/76 MP: 8/20
 17019 | Lair:1   | Reached skill level 1 in Invocations
 17596 | Lair:1   | Noticed an eight-headed hydra
 17599 | Lair:1   | Killed an eight-headed hydra
 17600 | Lair:1   | Reached skill level 5 in Fighting
 17600 | Lair:1   | Reached skill level 5 in Fire Magic
 18058 | Lair:1   | Noticed Jenx's ghost (novice TrCA)
 18066 | Lair:1   | Found a runed translucent gate.
 18066 | Lair:1   | Found a runed translucent gate.
 18066 | Lair:1   | Found a runed translucent gate.
 18899 | Lair:1   | Noticed an oklob plant
 18909 | Lair:1   | Killed an oklob plant
 19297 | Lair:2   | Acquired 636 gold pieces
 19319 | Lair:2   | Noticed a spriggan rider
 19319 | Lair:2   | Noticed a spriggan berserker
 19323 | Lair:2   | Found a bloodstained altar of Trog.
 19323 | Lair:2   | Noticed pkoi's ghost (journeyman DrCj)
 19553 | Lair:2   | Found a transporter.
 19553 | Lair:2   | Found a transporter.
 19596 | Lair:2   | Noticed a death yak
 19596 | Lair:2   | Noticed a death yak
 19597 | Lair:2   | Noticed a death yak
 19811 | Lair:2   | Killed a death yak
 19943 | Lair:1   | Killed a death yak
 20017 | Lair:2   | Killed a death yak
 20018 | Lair:2   | Reached XP level 12. HP: 62/85 MP: 8/21
 20132 | Lair:2   | Reached skill level 5 in Transmutations
 20461 | Lair:2   | Found a staircase to the Swamp.
 20536 | Lair:2   | Noticed Gastronok
 20546 | Lair:2   | Killed Gastronok
 20568 | Lair:2   | Noticed Sonja
 21331 | Lair:3   | Noticed an eight-headed hydra
 21338 | Lair:3   | Killed an eight-headed hydra
 21339 | Lair:3   | Reached skill level 11 in Air Magic
 21434 | Lair:3   | Noticed a four-headed hydra
 21437 | Lair:3   | Killed a four-headed hydra
 21533 | Lair:2   | Killed Sonja
 21972 | Lair:3   | Found the +1 robe of Vines {NoPotionHeal Regen++++}
 22022 | Lair:3   | Reached ***** piety under Hepliaklqana
 22157 | Lair:2   | Reached skill level 5 in Hexes
 22893 | Lair:3   | Reached skill level 5 in Summonings
 24244 | Lair:4   | Found a staircase to the Snake Pit.
 24579 | Lair:4   | Reached skill level 5 in Invocations
 25106 | Lair:4   | Reached skill level 5 in Ice Magic
 25508 | Lair:5   | Noticed a boulder beetle
 26185 | Lair:4   | Killed a boulder beetle
 26186 | Lair:4   | Reached XP level 13. HP: 91/91 MP: 0/22
 29250 | Lair:6   | Entered Level 6 of the Lair of Beasts
 29653 | Lair:6   | Found a staircase to the Slime Pits.
 29653 | Lair:6   | Found a viscous altar of Jiyva.
 30431 | Lair:6   | Engulfed by a cloud of flame

Illustrated notes

Levels and vault maps discovered:
D:1:      mrwooster_arrival_statue_2, layout_rooms,
          hellmonk_ecumenical_altar_inner_sanctum, minmay_misc_feat_four_crosses
D:2:      minmay_spotlight, layout_loops_corners, basic_altar,
          serial_bayou_lagoon_b, uniq_natasha
D:3:      corexii_shack_village, layout_loops_ring, uniq_grinder, uniq_pargi
D:4:      layout_loops_ring, chequers_temple_overflow_minitemple, serial_shops,
          shop
D:5:      layout_loops_corners, ebering_ghost_reflecting_pool,
          corexii_checkpoint_a
D:6:      layout_cave_pods, temple_green, ebering_ghost_gozag,
          nicolae_ossuary_entry_giza
D:7:      layout_basic, minmay_misc_feat_rows
D:8:      layout_loops_ring, gammafunk_temple_overflow_pools, uniq_pikel,
          uniq_prince_ribbit1
D:9:      layout_basic, gammafunk_ghost_grave, skrybe_limestone_x
D:10:     layout_loops_ring, tgw_kikubaaqudgha, trog_book, tgw_sif, david_orc_2
D:11:     layout_long_grid, erik_lair_island
Temple:   cyrus_circular_temple
Lair:1:   layout_hall_layers, gammafunk_ghost_split, minmay_lair_oklob_bushes,
          chequers_serial_rivers_room_b
Lair:2:   layout_cave_pods, swamp_mist, gammafunk_ghost_wrathful_warriors,
          serial_bayou_pond_d, patterned_corridor, uniq_sonja, uniq_gastronok
Lair:3:   layout_chaotic_city, hellmonk_guarded_unrand_vines, lemuel_fruit_tree,
          grunt_megastairs_3
Lair:4:   layout_loops_ring, guppyfry_snake_entry_garden
Lair:5:   layout_loops_ring, chequers_serial_rivers_small_3, lemuel_fruit_fields
Lair:6:   hangedman_lair_caniforms_friends, layout_regular_city,
          hangedman_lair_in_review, slime_altar_1

Skill      XL: |  1  2  3  4  5  6  7  8  9 10 11 12 13 |
---------------+----------------------------------------+-----
Air Magic      | 4 6 8 9 10 11 | 11.5
Stealth        | 2 3 |  3.0
Dodging        | 2 3 4 5 6 8 |  8.3
Spellcasting   | 3 5 6 |  6.3
Unarmed Combat | 2 4 5 6 7 |  7.0
Fighting       | 3 4 5 6 |  6.0
Transmutations | 2 3 4 5 6 |  6.3
Fire Magic     | 3 4 6 7 9 |  9.0
Hexes          | 2 3 4 5 6 |  6.0
Ice Magic      | 1 3 4 5 6 |  6.0
Summonings     | 2 4 5 |  5.7
Invocations    | 3 5 6 |  6.0
Conjurations   | |  1.0

Action                   |  1- 3 |  4- 6 |  7- 9 | 10-12 | 13-15 || total
-------------------------+-------+-------+-------+-------+-------++-------
Melee: Hand axe          |     2 |       |       |       |       ||     2
       Tailslap          |     6 |     5 |     1 |     8 |     3 ||    23
       Unarmed           |     1 |     5 |       |     4 |     1 ||    11
       Dagger            |    39 |    27 |       |       |       ||    66
       Punch             |     3 |       |     1 |     2 |     2 ||     8
       Staff             |       |       |    28 |    30 |    23 ||    81
 Cast: Shock             |    17 |    72 |    80 |       |       ||   169
       Airstrike         |       |       |    91 |   146 |    73 ||   310
       Inner Flame       |       |       |     6 |    91 |    30 ||   127
Invok: Ancestor Identity |       |       |     1 |       |       ||     1
       Recall Ancestor   |       |       |     1 |    10 |     7 ||    18
       Ancestor Life: Kn |       |       |     1 |       |       ||     1
 Abil: Breathe Fire      |       |       |     9 |    15 |    14 ||    38
  Use: Scroll            |     2 |     4 |     6 |     7 |       ||    19
       Potion            |       |       |       |     5 |       ||     5
 Stab: Sleeping          |     1 |       |       |       |       ||     1
       Distracted        |       |       |     1 |       |       ||     1
Armor: Skin              |    15 |    13 |    23 |    19 |    13 ||    83
Dodge: Dodged            |    28 |    28 |    55 |    65 |    36 ||   212
Block: Other             |       |       |    11 |     7 |    15 ||    33
       Reflection        |       |       |     3 |     1 |       ||     4
